[Event "*** Titled Tuesday Blitz"]
[Site "Chess.com"]
[Date "2021.03.30"]
[Round "3"]
[White "fyall777"]
[Black "pastouche06"]
[Result "1-0"]
[WhiteElo "2387"]
[BlackElo "2539"]
[TimeControl "180+1"]
[EndTime "10:29:08 PDT"]
[Termination "fyall777 won on time"]

1. e4 c6 2. d4 d5 3. e5 Bf5 4.
Be3 e6 5. Nf3 Ne7 6. c4 dxc4 7.
Bxc4 Nd5 8. O-O Be7 9. Nc3 O-O 10.
h3 Qb6 11. Bb3 Na6 12. Rc1 Nab4 13. Na4 Qd8 14. a3 Nd3 15. Rc3 Nxc3 16. Nxc3 c5 17. Qd2 cxd4 18. Nxd4 Nc5 19. Bc4 Ne4 20. Nxe4 Bxe4 21.
Re1 Rc8 22. Ba2 a6 23. b4 Qd7 24. Rd1 Rfd8 25. Qe2 Bg6 26. Bb3 Qc7 27. f4 Be4 28. Bf2 Bd5 29. Bc2 g6 30. h4 Qc3 31. h5 Bc4 32.
Qg4 Rxd4 33. Rxd4 Qxc2 34. hxg6 hxg6 35. Rd7 Re8 36. Rxb7 Bd5 37. Ra7 Qb1+ 38. Kh2 Qe4 39. Rxa6 Rc8 40. Ra7 Rc2 41. Qg3 Re2 42. Rxe7 Kg7 43.
Qg5 Qf5 44. Qf6+ Qxf6 45. exf6+ Kxf6 46. Bh4+ Kf5 47. Kg1 Rxg2+ 48. Kf1 f6 49. Rf7 g5 50. fxg5 Kg4 51. gxf6 Kxh4 52. Rh7+ Kg5 53. Rg7+ Kxf6 54. Rxg2 Bxg2+ 55. Kxg2 1-0

[Event "*** Titled Tuesday Blitz"]
[Site "Chess.com"]
[Date "2021.03.30"]
[Round "3"]
[White "reniite"]
[Black "Hypercar"]
[Result "1-0"]
[WhiteElo "2005"]
[BlackElo "2471"]
[TimeControl "180+1"]
[EndTime "10:29:09 PDT"]
[Termination "reniite won by resignation"]

1. e4 c5 2. Nf3 e6 3. d4 cxd4 4.
Nxd4 Nf6 5. Nc3 d5 6. Bb5+ Bd7 7.
exd5 exd5 8. O-O Be7 9. Re1 O-O 10. Bxd7 Qxd7 11. Bg5 Nc6 12. Qd2 Rac8 13. Rad1 Rfd8 14.
Nf3 h6 15. Bxf6 Bxf6 16. Nxd5 Qf5 17. Nxf6+ Qxf6 18. Qc1 Rxd1 19. Rxd1 Nb4 20. c3 Nxa2 21. Qe3 a6 22. Ra1 Nxc3 23. bxc3 Qxc3 24. Qxc3 Rxc3 25. Kf1 g5 26. Ke2 Rc2+ 27. Nd2 Rb2 28. Kd3 Kg7 29.
Kc3 Rb5 30. Nc4 Kg6 31. Ra5 Rxa5 32. Nxa5 b5 33. Kb4 Kf5 34. Nc6 Ke4 35. Kc3 f5 36. Na5 g4 37. Nb3 Kd5 38. Nd4 f4 39. Nf5 h5 40. Ng7 h4 41. Nh5 Ke4 42. Kd2 a5 43. Nf6+ Kf5 44. Nd5 b4 45. Nb6 Ke4 46. Ke2 h3 47.
gxh3 gxh3 48. f3+ Kd4 49. Kd2 b3 50. Na4 Kc4 51. Nb2+ Kb4 52. Nd3+ Ka3 53. Kc1 a4 54. Kb1 b2 55. Nxb2 Kb3 56. Nd3 Kc3 57. Nxf4 Kd4 58.
Nxh3 Ke3 59. f4 Ke4 60. Kb2 Kf5 61. Ka3 Kg4 62. Kxa4 Kxh3 63. f5 1-0

[Event "*** Titled Tuesday Blitz"]
[Site "Chess.com"]
[Date "2021.03.30"]
[Round "3"]
[White "ChessQueen"]
[Black "OparinGrigoriy"]
[Result "0-1"]
[WhiteElo "2707"]
[BlackElo "2999"]
[TimeControl "180+1"]
[EndTime "10:29:10 PDT"]
[Termination "OparinGrigoriy won on time"]

1. e4 c5 2. c3 Nf6 3. e5 Nd5 4. d4 cxd4 5. Nf3 e6 6. cxd4 d6 7. Bc4 Be7 8. O-O O-O 9. Qe2 b6 10. Bd2 Bb7 11. Nc3 Nxc3 12. Bxc3 a6 13. a4 Nc6 14.
Rfd1 d5 15. Ba2 Nb4 16. Bb1 a5 17. h4 Bxh4 18. g3 Bg5 19. Kg2 Ba6 20. Qe1 g6 21. Bxb4 axb4 22. Qxb4 Be2 23. Re1 Bxf3+ 24. Kxf3 f6 25.
Kg2 f5 26. f4 Be7 27. Qb5 h5 28. Bd3 Kf7 29. Rac1 Ra5 30. Qb3 g5 31. fxg5 Bxg5 32. Rc6 h4 33. Rxb6 Rh8 34. Bxf5 exf5 35. e6+ Kg7 36.
e7 Qe8 37. Qf3 h3+ 38. Kh2 Qf7 39. Rbe6 Re8 40. R6e5 Ra6 41. Rxf5 Qg6 42. Qxd5 Bf6 43. Ref1 Rxe7 44. Qb5 Rae6 45. R5f2 Re3 46. Qb8 Rf7 47. Qf4 Re4 48. Qf3 Rxd4 49. a5 Ra4 50. Qd5 Rd4 0-1

[Event "*** Titled Tuesday Blitz"]
[Site "Chess.com"]
[Date "2021.03.30"]
[Round "3"]
[White "annacramling"]
[Black "dpopadic"]
[Result "1-0"]
[WhiteElo "2087"]
[BlackElo "2302"]
[TimeControl "180+1"]
[EndTime "10:29:11 PDT"]
[Termination "annacramling won on time"]

1. d4 Nf6 2. c4 g6 3. Nc3 Bg7 4. e4 d6 5. h3 O-O 6. Bg5 h6 7. Be3 e5 8. d5 a5 9. Nf3 Na6 10. Be2 Nh5 11. g3 Nf6 12. Qc2 Bd7 13. g4 Nc5 14. O-O-O Ne8 15. Rdg1 Qe7 16. h4 c6 17.
Qd2 Kh7 18. h5 g5 19. Bxg5 hxg5 20. Nxg5+ Kg8 21. h6 Bf6 22. h7+ Kh8 23. Nf3 Nc7 24. g5 Bg7 25. Nh4 cxd5 26. cxd5 b5 27. Bh5 b4 28.
Nd1 Nxe4 29. Qe3 Nxg5 30. Rxg5 Nxd5 31. Qd2 Qf6 32. Rhg1 Nf4 33. Rxg7 Qxg7 34. Rxg7 Kxg7 35. Bf3 Rac8+ 36. Kb1 Kxh7 37. Qe1 Rh8 38. Be4+ Kg7 39. Nf5+ Bxf5 40. Bxf5 Rcd8 41. Ne3 Kf6 42. Qg1 d5 43. b3 d4 44. Nc4 Kxf5 45. Qg7 Ke6 46. Qg4+ f5 47. Qg7 Nd3 48. Kc2 Rhg8 49. Qg6+ Kd5 50.
Qb6 1-0

[Event "*** Titled Tuesday Blitz"]
[Site "Chess.com"]
[Date "2021.03.30"]
[Round "3"]
[White "Chessmasterzt"]
[Black "RobPeresian"]
[Result "1-0"]
[WhiteElo "2619"]
[BlackElo "2424"]
[TimeControl "180+1"]
[EndTime "10:29:12 PDT"]
[Termination "Chessmasterzt won by resignation"]

1. d4 d5 2. c4 c6 3. Nf3 Nf6 4. Nc3 dxc4 5. e4 b5 6. Be2 e6 7. O-O a6 8. b3 cxb3 9. Qxb3 Be7 10. Bg5 Nbd7 11. e5 Nd5 12. Ne4 O-O 13. Bxe7 Qxe7 14. Rac1 f5 15. exf6 N7xf6 16. Nxf6+ gxf6 17. Rxc6 Bb7 18. Rc5 Kh8 19. Nd2 Rg8 20. Bf3 Qg7 21. g3 Qh6 22. Ne4 Nf4 23. Qe3 Nh3+ 24. Kg2 Nf4+ 25. Kg1 Nh3+ 26. Kg2 Nf4+ 27. Kh1 Qh3 28. Re1 Nd5 29.
Qc1 Rg6 30. Bg2 Qh5 31. Qd1 Qxd1 32. Rxd1 Rd8 33. Kg1 f5 34. Nc3 Nxc3 35. Rxc3 Bxg2 36. Kxg2 e5 37. Rc5 exd4 38. Rxf5 Rgd6 39. Rd3 Kg7 40.
Rf4 Kg6 41. g4 h6 42. Kf3 b4 43. h4 a5 44. a3 bxa3 45. Rxa3 d3 46. Ra1 d2 47.
Rd1 Rd3+ 48. Ke2 R3d5 49. Ra4 Re8+ 50. Kf3 Red8 51. Ra2 Re8 52. Raxd2 Rxd2 53. Rxd2 a4 54. Rd6+ Kg7 55. Ra6 Rf8+ 56. Kg3 Rb8 57. Ra7+ Rb7 58. Rxb7+ Kf6 59. Ra7 1-0

[Event "*** Titled Tuesday Blitz"]
[Site "Chess.com"]
[Date "2021.03.30"]
[Round "3"]
[White "WiktoriaPOL"]
[Black "TosicSrecko"]
[Result "0-1"]
[WhiteElo "2053"]
[BlackElo "2315"]
[TimeControl "180+1"]
[EndTime "10:29:12 PDT"]
[Termination "TosicSrecko won by resignation"]

1. e4 e6 2. d4 d5 3. e5 c5 4.
c3 Nc6 5. Nf3 Bd7 6. Bd3 Rc8 7. O-O cxd4 8. cxd4 Nb4 9. a3 Nxd3 10.
Qxd3 Qb6 11. Nc3 Ne7 12. b4 Nf5 13. Be3 Be7 14. Rac1 O-O 15. Rc2 Rc7 16. Rfc1 Rfc8 17. g4 Nxe3 18. fxe3 f6 19. Kg2 Be8 20. Kf2 Bg6 21.
e4 fxe5 22. Nxe5 dxe4 23. Nxe4 Rxc2+ 24. Rxc2 Rxc2+ 25. Qxc2 Qxd4+ 26. Kf1 Qxe5 27. Qc8+ Bf8 28. Nc5 b6 29. Qxf8+ Kxf8 30. Nd7+ Ke7 31. Nxe5 Kd6 32.
Nf3 Kd5 33. Ke2 Kc4 34. Ng5 e5 35. Nf3 e4 36. Nd2+ Kc3 37. Ke3 Kb2 38. a4 Kc3 39.
b5 Kb4 40. Kd4 Kxa4 41. h4 Kxb5 42. h5 Be8 43. Nxe4 Bd7 44. Nd6+ Kc6 45. Nf5 Bxf5 46.
gxf5 h6 47. Ke5 Kd7 48. f6 gxf6+ 49. Kxf6 b5 50. Kg6 b4 51. Kxh6 b3 52. Kg7 b2 53.
h6 b1=Q 54. h7 Qb2+ 55. Kg8 Qf6 56. h8=Q Qxh8+ 57. Kxh8 a5 58. Kg7 a4 59. Kf6 a3 60.
Ke5 a2 61. Kd4 a1=Q+ 62. Kc4 Qb2 0-1

[Event "*** Titled Tuesday Blitz"]
[Site "Chess.com"]
[Date "2021.03.30"]
[Round "3"]
[White "TorFredrikKaasen"]
[Black "Taktikmonster"]
[Result "1-0"]
[WhiteElo "2739"]
[BlackElo "2364"]
[TimeControl "180+1"]
[EndTime "10:29:13 PDT"]
[Termination "TorFredrikKaasen won on time"]

1. Nf3 c5 2. e4 d6 3. d4 cxd4 4. Nxd4 Nf6 5. Nc3 Nc6 6. Bc4 Qb6 7. Ndb5 a6 8. Be3 Qa5 9. Nd4 Nxe4 10. O-O Nxc3 11. bxc3 e6 12. Rb1 Be7 13. Nxc6 bxc6 14.
Qf3 d5 15. Rb3 O-O 16. Bb6 Qa4 17. Bd3 e5 18. Qg3 Bd6 19. c4 dxc4 20. Qh4 g6 21. Bxc4 Be6 22. Rh3 h5 23. Bxe6 Qxh4 24. Rxh4 fxe6 25.
Rd1 Rab8 26. Rxd6 Rxb6 27. g3 Kf7 28. Rc4 Rc8 29. Rd7+ Kf6 30. Kg2 c5 31. a3 Rbc6 32. Ra7 R8c7 33. Ra8 Rc8 34. Rxc8 Rxc8 35. Kf3 Ke7 36. Ke4 Kd6 37. Ra4 Rc6 38. Kd3 Kd5 39. Ra5 Rb6 40. c4+ Kd6 41. Ke4 Rc6 42. f4 exf4 43. Kxf4 Rb6 44. Kg5 Rc6 45. Kxg6 Ke5 46. Kxh5 Kd4 47. Ra4 Kc3 48. g4 Kb3 49. Ra5 Kxc4 50.
g5 Kd3 51. g6 c4 52. g7 Rc8 53. Rxa6 c3 54. Rd6+ Ke2 55. Rxe6+ Kd2 56. Rd6+ Kc1 57. Rc6 Rg8 58. Rxc3+ Kb2 59. Rg3 1-0

[Event "*** Titled Tuesday Blitz"]
[Site "Chess.com"]
[Date "2021.03.30"]
[Round "3"]
[White "liczner"]
[Black "eldur16"]
[Result "1-0"]
[WhiteElo "2821"]
[BlackElo "2590"]
[TimeControl "180+1"]
[EndTime "10:29:14 PDT"]
[Termination "liczner won by resignation"]

1. e4 Nf6 2. e5 Nd5 3. d4 d6 4. c4 Nb6 5. exd6 cxd6 6. Nc3 g6 7.
Be3 Bg7 8. Rc1 O-O 9. b3 e5 10.
dxe5 dxe5 11. Qxd8 Rxd8 12. c5 N6d7 13. Bc4 Nc6 14. Nf3 Na5 15. Be2 b6 16. b4 Nc6 17.
b5 Nd4 18. c6 Nc5 19. O-O a6 20. Ng5 axb5 21. Bxd4 exd4 22. Nxb5 h6 23. c7 Re8 24.
Bf3 Ra5 25. Nd6 Rf8 26. Nge4 Be6 27. Nxc5 bxc5 28. Bb7 Be5 29. c8=Q Bxc8 30. Nxc8 d3 31. Rfd1 Bf4 32. Rc3 d2 33. g3 Bb8 34. Rxd2 Rb5 35. Rb3 Ra5 36. Ne7+ Kg7 37. Nc6 Ra4 38. Nxb8 Rxb8 39. Bc6 Rxa2 40. Rxa2 Rxb3 41. Rc2 Kf6 42. Rxc5 Rd3 43. Kg2 Rd2 44. Bf3 Ke6 45. Rc6+ Ke7 46. Rc3 Ke6 47. Re3+ Kf6 48. Re2 Rd4 49. h4 Rd6 50. Rb2 Re6 51. Rc2 Rd6 52. Rc6 Rxc6 53. Bxc6 Ke5 54. Kf3 1-0

[Event "*** Titled Tuesday Blitz"]
[Site "Chess.com"]
[Date "2021.03.30"]
[Round "3"]
[White "Alexander_Zubov"]
[Black "Reader777"]
[Result "0-1"]
[WhiteElo "2975"]
[BlackElo "2721"]
[TimeControl "180+1"]
[EndTime "10:29:15 PDT"]
[Termination "Reader777 won on time"]

1. e4 c5 2. Nf3 d6 3. Bb5+ Bd7 4. Bxd7+ Qxd7 5. O-O Nc6 6. c3 Nf6 7. Re1 e6 8. d4 cxd4 9. cxd4 d5 10. e5 Ne4 11. a3 Be7 12. Nbd2 Nxd2 13. Bxd2 O-O 14. h4 Rac8 15. h5 h6 16. Qb3 Bd8 17. Qd3 a6 18. g3 Ne7 19. Bb4 Re8 20. Kg2 Qb5 21. Qxb5 axb5 22.
Rec1 Rc6 23. Rc5 Rxc5 24. Bxc5 Nc6 25. Rd1 Bc7 26. Rc1 Rc8 27. Rc3 b6 28. Bd6 Bd8 29. Kf1 f6 30. Ke2 Kf7 31. Kd3 Na7 32. Rb3 Be7 33.
Bxe7 Kxe7 34. Nh4 Rc4 35. Ng6+ Kf7 36. exf6 gxf6 37. Nf4 Ke7 38. Ne2 Kd6 39. f4 e5 40.
g4 exf4 41. Nxf4 Nc6 42. Ne2 b4 43. axb4 Nxb4+ 44. Kd2 Kc6 45. Rf3 Rc2+ 46. Kd1 Rxb2 47. Rxf6+ Kb5 48. Rxh6 Kc4 49. Rxb6 Kd3 50. Nc1+ Kxd4 51.
h6 Kc3 52. Rxb4 Rd2+ 0-1

[Event "*** Titled Tuesday Blitz"]
[Site "Chess.com"]
[Date "2021.03.30"]
[Round "3"]
[White "ckgchess"]
[Black "wonderfultime"]
[Result "0-1"]
[WhiteElo "2703"]
[BlackElo "2988"]
[TimeControl "180+1"]
[EndTime "10:29:15 PDT"]
[Termination "wonderfultime won by resignation"]

1. d4 Nf6 2. Nf3 d5 3. g3 c6 4. Bg2 Bf5 5. O-O e6 6. c4 Nbd7 7. Nc3 dxc4 8. Nd2 Nb6 9. e4 Bg4 10. Nf3 Bb4 11. Re1 O-O 12. h3 Bh5 13. g4 Bg6 14.
Bg5 Be7 15. Qe2 Nfd7 16. Be3 c5 17. Rad1 cxd4 18. Bxd4 Qc7 19. h4 h6 20. h5 Bh7 21.
e5 Nc5 22. Nb5 Qc8 23. Nd6 Bxd6 24. exd6 Nd3 25. g5 hxg5 26. Nxg5 Bf5 27. h6 gxh6 28. Qh5 f6 29. Qxh6 Qd7 30. Bxf6 Rxf6 31. Qxf6 Rf8 32. Qh6 e5 33. Rxd3 cxd3 34. Rxe5 d2 35. Re7 d1=Q+ 36. Bf1 Qd4 37. Bh3 Q7xd6 38. Re6 Qxe6 39. Nxe6 Qf6 40.
Qxf8+ Qxf8 41. Nxf8 Bxh3 42. Ng6 Be6 43. b3 Nd5 44. Ne5 Nc3 45. Nd3 Nxa2 46. Nc5 Bd5 47. f4 b6 48. Nd7 Bxb3 49. Kf2 Be6 50. Ne5 Nb4 51. Ke3 Kf8 52. Kd4 Ke7 53. Kc3 a5 54. Kd4 Kd6 55. Kc3 Nd5+ 0-1

[Event "*** Titled Tuesday Blitz"]
[Site "Chess.com"]
[Date "2021.03.30"]
[Round "3"]
[White "szachuspl"]
[Black "Kolle05"]
[Result "1-0"]
[WhiteElo "2551"]
[BlackElo "2368"]
[TimeControl "180+1"]
[EndTime "10:29:15 PDT"]
[Termination "szachuspl won by checkmate"]

1. d4 Nf6 2. c4 g6 3. Nc3 Bg7 4. e4 d6 5. Nf3 O-O 6. Be2 e5 7.
Be3 Ng4 8. Bg5 f6 9. Bh4 g5 10. Bg3 Nh6 11. d5 Nf7 12. Nd2 f5 13. exf5 Bxf5 14.
Bg4 Nh6 15. Bxf5 Nxf5 16. O-O Nd7 17. Nde4 h6 18. Qd2 a6 19. f3 Qe8 20. Bf2 Qg6 21. b4 g4 22. Be3 Kh7 23. c5 Bh8 24. cxd6 cxd6 25. fxg4 Qxg4 26. Rf3 Rg8 27. Raf1 Raf8 28. g3 Nh4 29. Rxf8 Rxf8 30. Rxf8 Nxf8 31. Qe2 Nf3+ 32. Kg2 Ng6 33. Nf2 Nfh4+ 34. Kh1 Qxe2 35. Nxe2 Nf5 36. Bb6 Nge7 37. Nc3 e4 38. Nfxe4 Bxc3 39. Nxc3 Kg6 40. Kg2 Kf6 41. Kf3 Ke5 42. Be3 Nxd5 43. Nxd5 Kxd5 44. Bf4 Kc4 45. g4 Nd4+ 46. Ke4 d5+ 47. Ke3 Nc2+ 48. Kd2 Nxb4 49. Bxh6 d4 50. g5 Nd5 51. g6 Ne7 52. g7 b5 53. Bg5 Ng8 54. h4 a5 55.
h5 b4 56. h6 a4 57. h7 b3 58. hxg8=Q+ Kb4 59. axb3 axb3 60. Qxb3+ Kxb3 61. g8=Q+ Kb2 62. Qb8+ Ka3 63. Be7+ Ka2 64. Kc1 Ka1 65. Qb2# 1-0

[Event "*** Titled Tuesday Blitz"]
[Site "Chess.com"]
[Date "2021.03.30"]
[Round "3"]
[White "Keranke"]
[Black "GM_LOADING"]
[Result "1-0"]
[WhiteElo "2790"]
[BlackElo "2524"]
[TimeControl "180+1"]
[EndTime "10:29:17 PDT"]
[Termination "Keranke won on time"]

1. d4 Nf6 2. c4 e6 3. g3 Bb4+ 4. Nd2 O-O 5. Bg2 c5 6. dxc5 Nc6 7. Nh3 Bxc5 8. Nf4 b6 9. O-O Bb7 10. b3 e5 11. Nd5 Nxd5 12. Bxd5 Qc7 13. Bb2 Bd4 14.
Bxd4 Nxd4 15. Bxb7 Qxb7 16. e3 Ne6 17. Qf3 Qc7 18. Ne4 Qc6 19. Qg2 f5 20. Nc3 e4 21.
Nd5 Rae8 22. Rfd1 Ng5 23. h4 Nf3+ 24. Kh1 Re6 25. Qh3 Kh8 26. Kg2 Rh6 27. Kf1 b5 28. Rac1 Rd6 29. Kg2 bxc4 30. Rxc4 Qa8 31. Rc5 Rc6 32.
Rxc6 Qxc6 33. g4 Qe6 34. Nf4 Qc6 35. gxf5 Qc2 36. Rf1 d5 37. Qg4 d4 38. Ne6 Rf7 39.
Ng5 Nxg5 40. Qxg5 h6 41. Qd8+ Kh7 42. Qd5 Rf6 43. exd4 Qd3 44. Qe5 Qf3+ 45. Kh2 Rxf5 46.
Qg3 Qe2 47. Kg1 Rf6 48. Qh3 Rg6+ 49. Kh1 Rf6 50. Qg2 Rg6 51. Qh3 Rf6 52. Rg1 Rxf2 53.
Qg3 1-0

[Event "*** Titled Tuesday Blitz"]
[Site "Chess.com"]
[Date "2021.03.30"]
[Round "3"]
[White "alexrustemov"]
[Black "hypert"]
[Result "1/2-1/2"]
[WhiteElo "2720"]
[BlackElo "2528"]
[TimeControl "180+1"]
[EndTime "10:29:17 PDT"]
[Termination "Game drawn - insufficient material"]

1. d4 d5 2. c4 c6 3. Nc3 Nf6 4. e3 e6 5. Nf3 Nbd7 6. Qc2 Bd6 7. Bd2 O-O 8. O-O-O b5 9. e4 b4 10. e5 bxc3 11. Bxc3 Be7 12. exf6 Nxf6 13. c5 Ne4 14. Bd3 f5 15. Ne5 Bd7 16. f3 Nxc3 17. Qxc3 Bf6 18. Rhe1 Bxe5 19. Rxe5 Qg5+ 20. Qd2 Qh4 21. g4 fxg4 22.
fxg4 g6 23. Qe3 Qxh2 24. Rd2 Qf4 25. Qxf4 Rxf4 26. Be2 a5 27. Kc2 Rb8 28. a3 Kg7 29. b3 Rbf8 30. Kc3 Rb8 31. Re3 h6 32. Rg3 Kf6 33. g5+ hxg5 34. Bd3 g4 35. Rdg2 e5 36. dxe5+ Kxe5 37. Bxg6 Rf3+ 38. Rxf3 gxf3 39. Rh2 Rg8 40. Bd3 Kf4 41. Rh7 Bg4 42. Kd4 Rb8 43. Rf7+ Kg3 44. Kc3 f2 45. b4 axb4+ 46. axb4 Ra8 47. b5 Ra3+ 48. Kd4 Ra4+ 49. Ke5 cxb5 50. c6 Re4+ 51. Kxd5 Re3 52. Bxb5 Re1 53. c7 Rd1+ 54. Kc5 Rc1+ 55. Kd6 Bf3 56. Rxf3+ Kxf3 57. Bc6+ Rxc6+ 58. Kxc6 f1=Q 59. c8=Q Qc4+ 60. Kd7 Qxc8+ 61. Kxc8 1/2-1/2

[Event "*** Titled Tuesday Blitz"]
[Site "Chess.com"]
[Date "2021.03.30"]
[Round "3"]
[White "smshk35"]
[Black "horripile"]
[Result "0-1"]
[WhiteElo "2409"]
[BlackElo "2600"]
[TimeControl "180+1"]
[EndTime "10:29:17 PDT"]
[Termination "horripile won on time"]

1. e4 c5 2. b4 cxb4 3. d4 d5 4.
exd5 Nf6 5. Nf3 Nxd5 6. Bc4 e6 7. O-O Be7 8. a3 O-O 9. axb4 Bxb4 10. c3 Be7 11. Bb3 b6 12. Ne5 Bb7 13. Bc2 Nc6 14.
Re1 a6 15. Qf3 Qc7 16. Qh3 g6 17. Bh6 Nxd4 18. cxd4 Qxc2 19. Na3 Qf5 20. Qxf5 gxf5 21. Bxf8 Kxf8 22. Rec1 f6 23. Nf3 Ke8 24. Nc4 Rb8 25. Rab1 Ba8 26. Kf1 Kd7 27. Ne3 a5 28. Nd2 b5 29. Nb3 a4 30. Nc5+ Bxc5 31. Rxc5 Bc6 32. Nxd5 Bxd5 33. Ke1 Bc6 34. Rb4 Ra8 35. f3 a3 36. Rc1 a2 37. Ra1 Ra5 38. Kd2 Bd5 39. Kc3 Kd6 40. Kb2 Bc4 41. Rc1 Kd5 42. Rd1 h5 43.
Ka1 h4 44. Kb2 Ra8 45. Ka1 f4 46. Rb2 Ra4 47. Rdd2 b4 48. Rbc2 b3 49. Rb2 Kc6 50. Rd1 Kb5 51. Rbd2 Kb4 52. Kb2 Ra8 53. Rc1 Rg8 54. d5 exd5 55. Ka1 h3 56. gxh3 Ka3 57. h4 Re8 58. h5 Re5 59. h6 Rh5 60. h7 Rxh7 61. h4 Rxh4 62. Rcd1 Rh3 63. Re1 Rxf3 64.
Rc1 Rd3 65. Rxc4 Rxd2 0-1

[Event "*** Titled Tuesday Blitz"]
[Site "Chess.com"]
[Date "2021.03.30"]
[Round "3"]
[White "HeroString"]
[Black "AsaHoffmann"]
[Result "1/2-1/2"]
[WhiteElo "2245"]
[BlackElo "2392"]
[TimeControl "180+1"]
[EndTime "10:29:17 PDT"]
[Termination "Game drawn - insufficient material"]

1. d4 Nf6 2. c4 c5 3. d5 e5 4. Nc3 d6 5. g3 Be7 6. Bg2 O-O 7. e4 Na6 8. Nge2 Ne8 9. O-O Bd7 10. f4 Bf6 11. Kh1 Nec7 12. a4 Nb4 13. Nb5 Bxb5 14. axb5 a6 15. bxa6 Rxa6 16. Bd2 Rxa1 17. Qxa1 Nc2 18.
Qa7 Qc8 19. Nc3 Nd4 20. Qb6 Rd8 21. Ra1 Na8 22. Qa7 Nb3 23. Rd1 Qg4 24. Qxb7 exf4 25.
Qxb3 f3 26. Bf1 Be5 27. Be1 Nc7 28. Bf2 Ne8 29. Nb5 Nf6 30. h3 Qg6 31. Qxf3 Nxe4 32.
Bd3 f5 33. Bxe4 fxe4 34. Qe3 h5 35. Rg1 Rf8 36. Kh2 Rf3 37. Qe1 Qf5 38. Rg2 h4 39. Nc7 Rxf2 40. Rxf2 hxg3+ 41. Kg2 gxf2 42. Qxf2 Qxf2+ 43. Kxf2 Bxb2 44. Ke3 Be5 45. Kxe4 Kf7 46. Kf5 g6+ 47. Kg5 Bf6+ 48. Kf4 Be5+ 49. Kg5 Bc3 50. Ne6 Bd2+ 51. Kg4 Kf6 52. Nd8 Ke5 53. Nb7 Be1 54. h4 Bf2 55. Kg5 Be3+ 56. Kxg6 Kd4 57. Nxd6 Bf4 58. Nb7 Kxc4 59. Nxc5 Kxc5 60. h5 Kxd5 61. h6 Bxh6 1/2-1/2

[Event "*** Titled Tuesday Blitz"]
[Site "Chess.com"]
[Date "2021.03.30"]
[Round "3"]
[White "sokidze"]
[Black "Savagelittlemole"]
[Result "1-0"]
[WhiteElo "2795"]
[BlackElo "2530"]
[TimeControl "180+1"]
[EndTime "10:29:18 PDT"]
[Termination "sokidze won by checkmate"]

1. d4 Nf6 2. g3 c5 3. d5 e6 4. Nc3 exd5 5. Nxd5 Nxd5 6. Qxd5 Nc6 7. c3 Be7 8. Nh3 O-O 9. Bg2 d6 10. Nf4 Ne5 11. O-O Rb8 12. Rd1 b5 13. Qb3 Bb7 14.
Nd5 Bxd5 15. Bxd5 Bf6 16. Qc2 Qe7 17. Bf4 b4 18. c4 Ng6 19. Bxd6 Qe8 20. Bxb8 Qxb8 21.
e3 Qe5 22. Rab1 Qh5 23. f4 Qg4 24. Qg2 h5 25. Bf3 Qe6 26. Bxh5 Qxe3+ 27. Kh1 Bd4 28. Bxg6 fxg6 29. Re1 Qd3 30. Qe2 Qf5 31. Qe6+ Qf7 32.
Qxf7+ Rxf7 33. b3 Kh7 34. Re2 Bc3 35. Rd1 Kh6 36. Rd5 Bd4 37. Kg2 a5 38. Re8 Kh7 39.
Ra8 Re7 40. Rxa5 Re2+ 41. Kh3 Bg1 42. Kg4 Rxh2 43. Ra7 Rg2 44. Rdd7 Bd4 45. a3 bxa3 46. Rxa3 Bf2 47. Kf3 Rh2 48. Raa7 Bd4 49. b4 Rd2 50.
bxc5 Bxc5 51. Rxd2 Bxa7 52. Rd5 Bb6 53. c5 Bc7 54. c6 Kg8 55. Rd7 Bb6 56. c7 Bxc7 57.
Rxc7 Kh7 58. Kg4 Kh6 59. Rc6 Kh7 60. Kg5 Kh8 61. Kxg6 Kg8 62. Rc8# 1-0

[Event "*** Titled Tuesday Blitz"]
[Site "Chess.com"]
[Date "2021.03.30"]
[Round "3"]
[White "GOGIEFF"]
[Black "vinniethepooh"]
[Result "0-1"]
[WhiteElo "2886"]
[BlackElo "2662"]
[TimeControl "180+1"]
[EndTime "10:29:20 PDT"]
[Termination "vinniethepooh won by resignation"]

1. d4 Nf6 2. c4 e6 3. Nc3 Bb4 4. e3 O-O 5. Bd3 d5 6. Nf3 dxc4 7.
Bxc4 c5 8. O-O Nc6 9. a3 Ba5 10.
Qd3 a6 11. Ne4 b5 12. Nxf6+ Qxf6 13. Qe4 Bb7 14. Bd3 Qg6 15. dxc5 f5 16. Qf4 e5 17. Qg3 e4 18. Be2 Qxg3 19. hxg3 exf3 20. Bxf3 Bc7 21.
Bd2 Nd8 22. c6 Bxc6 23. Rfc1 Bxf3 24. Rxc7 Bd5 25. Bc3 Rf7 26. Rc5 Bb7 27. Rd1 Ne6 28.
Re5 Nf8 29. Rd6 Rc8 30. Kh2 Ng6 31. Ree6 Rcf8 32. Rb6 Rd8 33. f3 Bd5 34. Red6 Rfd7 35. Rxd7 Rxd7 36. Rxa6 Kf7 37. Ra5 Bc4 38. a4 Rb7 39.
axb5 Bxb5 40. Bd4 Ne7 41. Kh3 Nc6 42. Ra3 Nxd4 43. exd4 Ke6 44. Re3+ Kd5 45. Re5+ Kxd4 46. f4 Rb6 47. Kh4 Bd3 48. Re7 Rxb2 49. Rxg7 Rxg2 50. Re7 Be4 51. Ra7 Ke3 52. Ra3+ Bd3 53. Rb3 h6 54. Kh3 Rg1 55. Kh2 Rc1 56. Ra3 Ke4 57. Kh3 Bf1+ 58. Kh4 Be2 59. Kh3 Bg4+ 60. Kg2 Rc2+ 61. Kg1 Re2 0-1

[Event "*** Titled Tuesday Blitz"]
[Site "Chess.com"]
[Date "2021.03.30"]
[Round "3"]
[White "Bhagya_2312"]
[Black "ukchessbomber"]
[Result "0-1"]
[WhiteElo "2165"]
[BlackElo "2495"]
[TimeControl "180+1"]
[EndTime "10:29:20 PDT"]
[Termination "ukchessbomber won by resignation"]

1. e4 g6 2. d4 Bg7 3. Nc3 c5 4. d5 d6 5. Nf3 Nf6 6. Be2 O-O 7. O-O Bg4 8. Nd2 Bxe2 9. Qxe2 a6 10. a4 Re8 11.
Nc4 Nbd7 12. f4 b5 13. axb5 axb5 14. Rxa8 Qxa8 15. Nxb5 Rb8 16. Nc3 Rb4 17. b3 e6 18.
Nxd6 exd5 19. exd5 Nxd5 20. Nxd5 Qxd5 21. Qe7 Nf8 22. Be3 Bd4 23. Ne8 Bxe3+ 24. Qxe3 Qd4 25.
Qxd4 Rxd4 26. g3 Nd7 27. Re1 Kf8 28. Nc7 Rd2 29. c4 Nf6 30. Na6 Ng4 31. h3 Nh2 32. Ra1 Nf3+ 33. Kf1 Nh2+ 34. Ke1 Nf3+ 35. Kf1 Rh2 36.
Ra5 Nd2+ 37. Kg1 Nf3+ 38. Kf1 Nd2+ 39. Kg1 Rxh3 40. Nxc5 Rxg3+ 41. Kf2 Rc3 42. Rb5 Ke7 43. Ke2 Rc2 44. Kd3 Ra2 45. Rb7+ Kf8 46. Nd7+ Ke8 47. Ne5 f6 48. Nc6 h5 49. b4 h4 50. Rh7 Nf3 51.
b5 g5 52. fxg5 Ra3+ 53. Ke4 Nxg5+ 54. Kf5 Nxh7 55. b6 h3 56. b7 Rb3 57. b8=Q+ Rxb8 58. Nxb8 h2 59. c5 h1=Q 60. c6 Kd8 61. Kg6 Kc7 0-1

[Event "*** Titled Tuesday Blitz"]
[Site "Chess.com"]
[Date "2021.03.30"]
[Round "3"]
[White "jefferyx"]
[Black "Redbandit87"]
[Result "1-0"]
[WhiteElo "2969"]
[BlackElo "2355"]
[TimeControl "180+1"]
[EndTime "10:29:21 PDT"]
[Termination "jefferyx won by resignation"]

1. c4 f5 2. Nc3 Nf6 3. d4 e6 4. d5 Be7 5. g3 O-O 6. Bg2 e5 7. Nf3 d6 8. O-O a5 9. Ng5 h6 10. Ne6 Bxe6 11. dxe6 c6 12. b3 Qc8 13. Bh3 Nh7 14. e4 Qxe6 15. Bxf5 Qf7 16. Qg4 Nf6 17. Qh3 Kh8 18. Rd1 Nbd7 19. Be6 Qe8 20. Na4 Rd8 21. Bf5 Qf7 22. Be3 Rfe8 23. Rd3 Nf8 24. Rad1 N6h7 25.
Bb6 Ra8 26. Bc7 Ng5 27. Qg2 g6 28. Bg4 h5 29. Be2 Nfe6 30. Bxd6 Bxd6 31. Rxd6 Nd4 32.
Nc3 Rf8 33. f4 exf4 34. gxf4 Nxe2+ 35. Nxe2 Ne6 36. Rd7 Qf6 37. R1d6 Rae8 38. Qf3 Qa1+ 39. Kf2 Qf6 40. f5 Qh4+ 41. Qg3 Qxg3+ 42. Nxg3 gxf5 43.
exf5 Ng7 44. Rh6+ Kg8 45. Rg6 Rf7 46. Nxh5 Kf8 47. Nf6 Rxd7 48. Nxd7+ Kf7 49. Rg5 Re7 50. Nc5 Kf6 51. Rg1 Nxf5 52. Re1 Rf7 53. Ne4+ Kg7 54. Rg1+ Kf8 55. Ng5 Rd7 56. Nf3 Nd4 57. Rd1 Nxf3 58.
Rxd7 Ne5 59. Rxb7 Nd3+ 60. Ke3 Nb4 61. Rxb4 axb4 62. Kd4 c5+ 63. Kxc5 Ke7 64. Kxb4 Ke6 65. Kc3 Ke5 66. a4 1-0

[Event "*** Titled Tuesday Blitz"]
[Site "Chess.com"]
[Date "2021.03.30"]
[Round "3"]
[White "Smirnov_Pavel"]
[Black "Iskusnyh"]
[Result "1-0"]
[WhiteElo "2889"]
[BlackElo "2637"]
[TimeControl "180+1"]
[EndTime "10:29:22 PDT"]
[Termination "Smirnov_Pavel won on time"]

1. d4 d5 2. c4 c6 3. Nf3 Nf6 4. Nc3 a6 5. e3 e6 6. Bd3 dxc4 7.
Bxc4 b5 8. Bb3 c5 9. O-O Bb7 10. e4 cxd4 11. Nxd4 Nc6 12. Nxc6 Qxd1 13. Rxd1 Bxc6 14.
f3 Be7 15. Bf4 O-O 16. Bd6 Bxd6 17. Rxd6 Rfc8 18. Rad1 Kf8 19. Kf2 Ke7 20. Ke3 Ra7 21. R6d2 Nd7 22. Ne2 Nc5 23. Bc2 e5 24. b4 Ne6 25. Bb3 a5 26. bxa5 Rxa5 27. Rc1 Bd7 28. Rxc8 Bxc8 29. Rd5 f6 30. Nc3 Nc7 31. Rd2 Be6 32.
Bxe6 Kxe6 33. Rb2 Kd6 34. Rd2+ Kc6 35. Rc2 Kd6 36. Rb2 Kc5 37. Nb1 Ra4 38. Nd2 Ne6 39.
Nb3+ Kd6 40. Rd2+ Kc6 41. g3 Rc4 42. Na5+ Kc5 43. Nxc4 bxc4 44. Rd5+ Kb4 45. Rd7 c3 46. Rb7+ Kc4 47. Rb8 Nd4 48. Rc8+ Kb4 49. Kd3 c2 50.
Rxc2 Nxc2 51. Kxc2 Ka3 52. Kb1 g5 53. g4 Kb4 54.
Kb2 Kc4 55. a3 Kd4 56. a4 Kc5 57. Kb3 1-0